 Dungeon Crawl Stone Soup version 0.27-a0-1391-g48c30b3128 (webtiles) character file.

Game seed: 11947391817273776874

79 Delamore the Skirmisher (level 4, -2/38 HPs)
             Began as a Formicid Fighter on July 1, 2021.
             Killed by divine providence
             ... invoked by an orc priest
              (16 damage)
             ... on level 3 of the Dungeon.
             The game lasted 00:02:15 (2533 turns).

Delamore the Skirmisher (Formicid Fighter)          Turns: 2533, Time: 00:02:15

Health: -2/38      AC:  9    Str: 22    XL:     4   Next: 62%
Magic:  4/4        EV:  9    Int:  7    God:
Gold:   1188       SH:  4    Dex: 10    Spells: 3/3 levels left

rFire    . . .     SeeInvis +   a - +0 quarterstaff (elec)
rCold    . . .     Faith    .   h - +0 buckler
rNeg     . . .     Spirit   .   b - +0 scale mail
rPois    .         Reflect  .   (helmet unavailable)
rElec    .         Harm     .   f - +0 cloak
rCorr    .         Rampage  .   (no gloves)
Will     .....                  i - +0 pair of boots
Stlth    ..........             (no amulet)
HPRegen  0.12/turn              k - ring of wizardry
MPRegen  0.09/turn              (no ring)

@: no status effects
A: permanent stasis, dig shafts and tunnels, antennae 3, four strong arms
a: Dig, Shaft Self


You were on level 3 of the Dungeon.
You visited 1 branch of the dungeon, and saw 3 of its levels.

You collected 1188 gold pieces.

Inventory:

Hand Weapons
 a - a +0 quarterstaff of electrocution (weapon)
Missiles
 e - 2 boomerangs
 g - 36 poisoned darts
Armour
 b - a +0 scale mail (worn)
 c - a +0 kite shield
 f - a +0 cloak (worn)
 h - a +0 buckler (worn)
 i - a +0 pair of boots (worn)
Jewellery
 k - a ring of wizardry (left hand)
Potions
 d - 2 potions of might
 l - a potion of heal wounds
 m - a potion of degeneration {unknown}


   Skills:
 + Level 4.5 Fighting
 + Level 3.4 Staves
 - Level 3.2 Armour
 - Level 3.6 Shields


You had 3 spell levels left.
You didn't know any spells.
Your spell library was empty.

Dungeon Overview and Level Annotations

Branches:
Dungeon (3/15)

Altars:


Innate Abilities, Weirdness & Mutations

You cannot be hasted, slowed, berserked, paralysed or teleported.
You can dig through walls and to a lower floor.
You have a pair of large antennae on your head. (SInv)
Your four strong arms can wield two-handed weapons with a shield.


Message History

You sense a monster nearby.
A ball python comes into view.
There is an open door here.
You hit the ball python.
The ball python is heavily wounded.
The ball python bites you. The ball python grabs you.
The ball python constricts you.
You hit the ball python.
You kill the ball python!
No target in view!
No target in view!
No target in view!
No target in view!
No target in view!
No target in view!
You see here a ball python corpse.
You sense a monster nearby.
You open the door. 4 orcs and an orc priest come into view.
An orc is wielding a +2 vorpal hand axe.
The orc shouts!
The orc priest shouts!
The orc shouts! x3
The orc moves out of view. x2
Found an escape hatch in the ceiling.
There are monsters nearby!
You barely miss the orc priest.
The orc priest hits you with a +0 morningstar.
You closely miss the orc priest.
The orc priest hits you with a +0 morningstar.
You barely miss the orc priest.
The orc priest invokes the aid of Beogh against you.
Pain shoots through your body!
You closely miss the orc priest.
The orc priest hits you but does no damage.
You barely miss the orc.
The orc priest invokes the aid of Beogh against you.
Beogh smites you!
You are too injured to fight recklessly!
The orc priest calls down the wrath of Beogh upon you.
Beogh smites you!
You die...

#..........#
#........... #
#........... #.
#....)...... #..
#......).... #...
#####'#####. #....
#†# #.
#<...o#############.#
#.
#.....ooo@..........#
##
#....o#########....##
#.... #....# # #...
###### # #.. # #. # #
# #


You could see an orc priest and 4 orcs.

Vanquished Creatures
  Robin (D:2)
  A gnoll (D:2)
  An adder (D:2)
  A worm (D:2)
  An orc (D:3)
  3 endoplasms
  A giant cockroach (D:3)
  4 hobgoblins (D:2)
  4 jackals
  6 kobolds
  A quokka (D:3)
  3 ball pythons
  9 goblins
  7 rats
43 creatures vanquished.

Notes
Turn   | Place    | Note
-------+----------+-------------------------------------------
     0 | D:1      | Delamore the Formicid Fighter began the quest for the Orb.
     0 | D:1      | Reached XP level 1. HP: 18/18 MP: 1/1
   557 | D:1      | Found a faded altar of an unknown god.
   603 | D:1      | Reached XP level 2. HP: 22/24 MP: 2/2
  1292 | D:2      | Reached XP level 3. HP: 21/30 MP: 3/3
  1396 | D:2      | Noticed Robin
  1458 | D:2      | Reached skill level 4 in Fighting
  1478 | D:2      | Killed Robin
  1479 | D:2      | Reached XP level 4. HP: 14/37 MP: 4/4
  2037 | D:2      | Identified a scroll of acquirement
  2037 | D:2      | Acquired 1112 gold pieces
  2533 | D:3      | Killed from afar by an orc priest

Illustrated notes

Levels and vault maps discovered:
D:1:      elethiomel_arrival_maze, layout_basic,
          hellmonk_ecumenical_altar_lost_god, minmay_misc_feat_five,
          chequers_serial_rivers_micro_b
D:2:      layout_loops_ring, uniq_robin
D:3:      layout_basic

Skill      XL: |  1  2  3 |
---------------+----------+-----
Fighting       | 4 |  4.5
Staves         | 3 |  3.4
Armour         | |  3.2
Shields        | |  3.6

Action                   |  1- 3 |  4- 6 || total
-------------------------+-------+-------++-------
Melee: Quarterstaff      |    95 |    42 ||   137
 Abil: Dig               |     1 |       ||     1
  Use: Scroll            |     4 |     3 ||     7
Armor: Scale mail        |    37 |    12 ||    49
Dodge: Dodged            |    23 |    15 ||    38
Block: Kite shield       |    12 |       ||    12
       Buckler           |    13 |     7 ||    20

Table legend: (Time is in decaauts)
 A = Elapsed time spent in this place.
 B = Non-inter-level travel time spent in this place.
 C = Inter-level travel time spent in this place.
 D = Time resting spent in this place.
 E = Time spent auto-exploring this place.
 F = Levels seen in this place.
 G = Mean time per level.
                   A        B        C        D        E       F      G
               +--------+--------+--------+--------+--------+-----+--------+
         Total |   2561 |   2484 |     77 |    542 |   1552 |   3 |  853.7 |
       Dungeon |   2561 |   2484 |     77 |    542 |   1552 |   3 |  853.7 |
               +--------+--------+--------+--------+--------+-----+--------+

Top non-repeatable levels by time:
     D:1: 1123 daAuts
     D:2: 981 daAuts
     D:3: 456 daAuts
